 Dungeon Crawl Stone Soup version 0.24-a0-616-ge2a249a (webtiles) character file.

Game seed: 12572263499736184015, levelgen mode: deterministic

1229 BoppinsLewinski the Ruffian (level 8, -8/60 HPs)
             Began as a Demonspawn Abyssal Knight on Sept 15, 2019.
             Was an Initiate of Trog.
             Mangled by a thrashing horror (9 damage)
             ... created by the touch of Lugonu
             ... on level 5 of the Dungeon.
             The game lasted 00:12:24 (5570 turns).

BoppinsLewinski the Ruffian (DsAK)                  Turns: 5570, Time: 00:12:25

Health: -8/60      AC: 11    Str: 14    XL:     8   Next: 24%
Magic:  0/10       EV: 10    Int: 13    God:    Trog [......]
Gold:   225        SH:  0    Dex: 12    Spells: 7/7 levels left

rFire    . . .     SeeInvis .     - Unarmed
rCold    . . .     Gourm    .   (no shield)
rNeg     . . .     Faith    .   h - +0 scale mail
rPois    .         Spirit   +   l - +1 helmet
rElec    .         Reflect  .   (no cloak)
rCorr    .         Harm     .   (no gloves)
MR       .....     Rnd*Rage +   (no boots)
Stlth    ..........             (no amulet)
HPRegen  0.20/turn              f - -2 ring of strength (curse)
MPRegen  0.12/turn              (no ring)

@: no status effects
A: claws 1, iridescent scales 1, berserk 1, demonic guardian 1, mutation
resistance 1, magic shield
a: Renounce Religion


You were on level 5 of the Dungeon.
You worshipped Trog.
Trog was noncommittal.
You were not hungry.

You visited 2 branches of the dungeon, and saw 6 of its levels.
You visited the Abyss 1 time.

You collected 225 gold pieces.

Inventory:

Armour
 h - a +0 scale mail (worn)
 l - a +1 helmet (worn)
Jewellery
 f - a cursed -2 ring of strength (left claw)
 p - a cursed amulet of inaccuracy {unknown}
Wands
 c - a wand of polymorph (9)
 d - a wand of flame (15)
Scrolls
 e - a scroll of acquirement {unknown}
 i - 3 scrolls of enchant weapon
 j - a scroll of teleportation {unknown}
 k - a scroll of magic mapping {unknown}
 m - a scroll of amnesia {unknown}
 n - a scroll of identify
 q - a scroll of enchant armour
 r - 2 scrolls of remove curse {unknown}
 t - a scroll of immolation {unknown}
 u - 2 scrolls of fog {unknown}
Potions
 a - 3 potions of curing
 g - a potion of resistance
 o - a potion of agility
Comestibles
 b - 6 rations


   Skills:
 + Level 3.9 Fighting
 + Level 4.1 Armour
 + Level 2.8 Dodging
 + Level 0.6 Stealth
 * Level 7.3 Unarmed Combat
   Level 3.1 Invocations


You had 7 spell levels left.
You didn't know any spells.
Your spell library was empty.

Dungeon Overview and Level Annotations

Branches:
Dungeon (5/15)             Temple (1/1) D:5

Altars:
Ashenzari
Cheibriados
Dithmenos
Elyvilon
Fedhas
Gozag
Kikubaaqudgha
Makhleb
Nemelex Xobeh
Qazlal
Ru
Sif Muna
Trog
Uskayaw
Vehumet
Wu Jian
Zin
The Shining One


Innate Abilities, Weirdness & Mutations

You have sharp fingernails.
You are partially covered in iridescent scales. (AC +2)
A weak demonic guardian rushes to your aid.
When hurt, damage is shared between your health and your magic reserves.
You tend to lose your temper in combat.
You are somewhat resistant to further mutation.


Message History

Tha thrashin' horror tramples yer ufetubus!
Yer ufetubus stumbles backwards!
Yer ufetubus dies!
Unknown command.
Ye be nay longer firmly anchored in space.
Tha thrashin' horror roars!
Ye swap places.
Tha thrashin' horror tramples yer iron imp!
Yer iron imp holds its ground!
Yer iron imp dies!
Tha thrashin' horror roars!
Tha thrashin' horror tramples ye but does nay damage.
Tha thrashin' horror tramples ye.
* * * LOW HITPOINT WARNIN'
* * * Ye stumble backwards!
Tha thrashin' horror roars!
Tha thrashin' horror tramples ye but does nay damage. x2
Tha thrashin' horror roars!
Tha thrashin' horror tramples ye!
Ye die...

#..........#
###'##..
#..(.......# #.##..
#..........# #5##..
#..........# #.##..
#........>.# #.##..
#########'## #X##.#
#5# #.#...
#.############.####
#.@X....X......#
################


You could see a thrashing horror, a large abomination and a friendly ufetubus.

Vanquished Creatures
  Sigmund (D:2)
  Eustachio (D:3)
  A centaur (D:5)
  An ogre (D:5)
  A scorpion (D:5)
  A crimson imp (D:5)
  2 hounds
  2 bullfrog skeletons
  2 orc priests (D:4)
  7 orc wizards
  Ijyb (D:4)
  Natasha (D:4)
  Terence (D:2)
  A worker ant zombie (D:5)
  Robin (D:3)
  5 adders
  2 oozes
  A dart slug (D:1)
  3 worms
  2 leopard geckos
  16 orcs
  6 giant cockroaches
  9 goblins
  8 hobgoblins
  6 jackals
  6 kobolds
  2 quokkas
  9 bats
  4 frilled lizards
  5 rats
108 creatures vanquished.

Vanquished Creatures (collateral kills)
  An ice beast (D:5)
  A crimson imp (D:5)
  An orc priest (D:3)
  An adder (D:2)
  An orc (D:4)
  A jackal (D:3)
6 creatures vanquished.

Grand Total: 114 creatures vanquished

Notes
Turn   | Place    | Note
-------+----------+-------------------------------------------
     0 | Abyss:1  | BoppinsLewinski the Demonspawn Abyssal Knight began the
                  | quest for the Orb.
     0 | Abyss:1  | Reached XP level 1. HP: 18/18 MP: 2/2
     0 | D:1      | Escaped the Abyss
    19 | D:1      | You fall into a shaft and drop 1 floor!
    19 | D:2      | Found an opulent altar of Gozag.
    19 | D:2      | Noticed Terence
   487 | D:1      | Reached skill level 1 in Dodging
   500 | D:1      | Gained mutation: When hurt, damage is shared between your
                  | health and your magic reserves. [demonic ancestry]
   500 | D:1      | Reached XP level 2. HP: 10/24 MP: 2/4
  1020 | D:1      | Reached skill level 2 in Unarmed Combat
  1328 | D:2      | Reached * piety under Lugonu
  1328 | D:2      | Gained mutation: A weak demonic guardian rushes to your
                  | aid. [demonic ancestry]
  1328 | D:2      | Reached XP level 3. HP: 29/29 MP: 5/5
  1379 | D:2      | Noticed Sigmund
  1384 | D:2      | Killed Sigmund
  1384 | D:2      | Reached skill level 3 in Unarmed Combat
  1384 | D:2      | Reached XP level 4. HP: 35/35 MP: 4/6
  1384 | D:2      | Reached XP level 5. HP: 41/41 MP: 4/7
  1489 | D:2      | Killed Terence
  1560 | D:2      | Reached skill level 4 in Unarmed Combat
  2053 | D:2      | Found a glowing silver altar of Zin.
  2370 | D:3      | Reached XP level 6. HP: 40/47 MP: 8/8
  2868 | D:3      | Reached ** piety under Lugonu
  3172 | D:3      | Reached skill level 5 in Unarmed Combat
  3255 | D:3      | Noticed Robin
  3271 | D:3      | Killed Robin
  3666 | D:4      | Noticed Eustachio
  3681 | D:3      | Gained mutation: You tend to lose your temper in combat.
                  | [potion of mutation]
  3681 | D:3      | Gained mutation: You are somewhat resistant to further
                  | mutation. [potion of mutation]
  3721 | D:3      | Killed Eustachio
  3721 | D:3      | Gained mutation: You are partially covered in iridescent
                  | scales. (AC +2) [demonic ancestry]
  3721 | D:3      | Reached XP level 7. HP: 24/53 MP: 1/9
  4054 | D:4      | Noticed Ijyb
  4064 | D:4      | Killed Ijyb
  4133 | D:4      | Reached *** piety under Lugonu
  4426 | D:4      | Noticed Natasha
  4432 | D:4      | Killed Natasha
  4432 | D:4      | Reached skill level 6 in Unarmed Combat
  4816 | D:5      | Entered Level 5 of the Dungeon
  4823 | D:5      | Found a staircase to the Ecumenical Temple.
  4835 | Temple   | Entered the Ecumenical Temple
  4891 | Temple   | Fell from the grace of Lugonu
  4891 | Temple   | Became a worshipper of Trog the Wrathful
  5319 | D:5      | Gained mutation: You have sharp fingernails. [demonic
                  | ancestry]
  5319 | D:5      | Reached XP level 8. HP: 60/60 MP: 10/10
  5323 | D:5      | Reached skill level 7 in Unarmed Combat
  5535 | D:5      | Found a shadowy altar of Dithmenos.
  5537 | D:5      | Found a stormy altar of Qazlal.
  5543 | D:5      | Noticed a large abomination
  5543 | D:5      | Noticed a thrashing horror
  5558 | D:5      | HP: 2/60 [thrashing horror[the touch of Lugonu] (10)]
  5565 | D:5      | HP: 1/60 [thrashing horror[the touch of Lugonu] (1)]
  5570 | D:5      | Mangled by a thrashing horror

Levels and vault maps discovered:
D:1:      ebering_trefoil_3fold, layout_rooms, st_stairs_14, minmay_hexomino_u4
D:2:      layout_loops_cross, old_standard_altar, zin_treasury, uniq_sigmund,
          uniq_terence
D:3:      layout_basic, uniq_robin
D:4:      layout_basic, first_ration, uniq_natasha, uniq_ijyb, uniq_eustachio
D:5:      layout_basic, lemuel_crystal_altar, old_standard_altar,
          minmay_temple_entry_stoned_glass, basic_altar,
          kennysheep_generic_room_9
Temple:   eino_temple_lava

Skill      XL: |  1  2  3  4  5  6  7  8 |
---------------+-------------------------+-----
Dodging        | 1 2 |  2.8
Invocations    | 3 |  3.1
Unarmed Combat | 2 3 4 5 6 7 |  7.3
Armour         | 2 3 4 |  4.1
Fighting       | |  3.9
Stealth        | |  0.6

Action                   |  1- 3 |  4- 6 |  7- 9 || total
-------------------------+-------+-------+-------++-------
Melee: Unarmed           |   121 |   339 |   141 ||   601
       Punch             |       |     4 |     4 ||     8
Invok: Depart the Abyss  |     1 |       |       ||     1
  Use: Scroll            |     1 |     2 |       ||     3
       Potion            |     1 |     5 |     4 ||    10
  Eat: Chunk             |     2 |     3 |     4 ||     9
       Ration            |       |     1 |     1 ||     2
Armor: Leather armour    |    24 |       |       ||    24
       Ring mail         |    26 |     6 |       ||    32
       Skin              |     1 |    20 |       ||    21
       Scale mail        |       |   178 |    70 ||   248
Dodge: Dodged            |    75 |   167 |    55 ||   297

Table legend:
 A = Non-vault XP
 B = Vault XP
 C = Vault XP percentage of total XP
 D = Non-vault monster count
 E = Vault monster count
 F = Vault count percentage of total count
                 A         B        C        D         E       F
            +---------+---------+-------+---------+---------+-------
      Total |    1223 |     533 |  30.4 |      95 |      19 |  16.7
            +---------+---------+-------+---------+---------+-------
        D:1 |      27 |      13 |  32.5 |      13 |       6 |  31.6
        D:2 |      86 |     248 |  74.3 |      22 |       2 |   8.3
        D:3 |     264 |     200 |  43.1 |      31 |       9 |  22.5
        D:4 |     216 |      72 |  25.0 |      15 |       2 |  11.8
        D:5 |     630 |       0 |   0.0 |      14 |       0 |   0.0
            +---------+---------+-------+---------+---------+-------
